Petra, chaotic male elven Priest --- --- ------- ---.----------------- |..-- |.....|.----- ---- --.....)..........[)... ---...| |...-.......-- --- --..| |.......[.----------....- |.....| --............---.--|...-- |.........-- --..(.--------- |....-- |-.................|....--- --.........| |.............-----|..--- ---......%.............|....| ----.....-- |..^.%.%.....^.|..||.-- |^.................------...-- ----..| --....--------....--|.| --............-....-- --...| --.| |...[.-- --...--|.| ----...--..........|.*| --..| ---.| --.....| |....-|.| |.>[..--|...--.-...|--- --- |...| --....--- --....|.| |....------.--^..|.- --.--- |.......| |......| --...........)..--. |..| ---.|.).--- ----...-- |...------.......- |..| |.|--...---- --...-- -.-- --.......-- ---- |.| |.......| --...| --------...|..u..--- |.--|-......-- --...------..|...-|..uf...| |..||........--|...............-----.@....- |..|--....<...|---------......-- |.....-- --- ----...--- ----.--- -..f.| --.-- --- --- --- Petra the Adept Experience level: 7 Strength: 16 Dexterity: 13 Constitution: 15 Intelligence: 13 Wisdom: 20 Charisma: 12 Health: 0(46) Energy: 109(111) Def: 9 Gold: 171 Moves: 4692 Dungeon seed: yT5t2_qLUapWtpSl Game ID: Petra_1615762211 Your Inventory: Coins $ - 171 gold pieces Weapons a - a blessed +2 mace (weapon in hand) q - 4 +0 arrows G - a +1 bow (alternate weapon; not wielded) K - 2 +0 arrows (in quiver) X - 11 +0 ya Z - 10 +0 silver arrows Armor e - a +2 robe (being worn) n - a +0 small shield (being worn) E - a blessed +0 pair of iron shoes (being worn) N - a blessed +1 orcish helm (being worn) Comestibles c - a clove of garlic d - a sprig of wolfsbane z - a tripe ration A - a food ration Rings r - a ring of cold resistance (on left hand) Wands j - a wand of teleportation (0:6) P - a wand of slow monster (0:5) T - a wand of digging (0:7) Tools o - a sack v - a blindfold x - a magic whistle L - a partly used wax candle (lit) (0:387) S - 8 tallow candles (0:200) V - a wax candle (0:400) Gems C - a luckstone Contents of the sack: 2752 gold pieces 27 cursed poisoned +0 orcish arrows a +0 cloak of invisibility a +2 dwarvish cloak a +1 dwarvish cloak a +0 dwarvish cloak a +0 dwarvish cloak a cursed +1 pair of jumping boots a +0 pair of kicking boots a cursed +2 robe 2 food rations 4 cursed food rations a cursed lembas wafer a cursed sprig of wolfsbane a cursed tripe ration a scroll of earth a blessed spellbook of clairvoyance a spellbook of create monster a blessed spellbook of extra healing a blessed spellbook of force bolt a spellbook of healing a spellbook of light a spellbook of protection a potion of acid a potion of blindness a potion of confusion 4 potions of holy water a cursed potion of monster detection a cursed wand of lightning (0:6) a cursed wand of teleportation (0:4) a blessed magic marker (0:38) 8 tallow candles (0:200) a tin opener a wax candle (0:400) a blessed touchstone Spells and supernatural/magical abilities: Name Level Category Fail Memory a - force bolt 1 attack 0% 98% h - healing 1 healing 0% 77% l - light 1 divination 0% 98% p - protection 1 clerical 0% 98% v - clairvoyance 3 divination 63% 99% x - extra healing 3 healing 57% 98% O - create monster 2 clerical 0% 77% W - pray for help -- divine ? -- X - turn undead -- divine ? -- Your skills at the end: Fighting Skills Weapon Skills mace [Basic] Spellcasting Skills clerical spells [Basic] Final Attributes: You were piously aligned. You were cold resistant. You were sleep resistant. You were telepathic. You had infravision. You were lucky. You had extra luck. Bad luck did not time out for you. Good luck did not time out for you. You are dead. Vanquished creatures: 2 ghosts a giant mimic a small mimic a large dog a crocodile a quivering blob 2 winter wolf cubs 2 giant spiders a gnome king a dingo a dwarf lord a snake 4 Mordor orcs an orc shaman a yellow light a shrieker 7 gnome lords 2 gnomish wizards a red naga hatchling a guardian naga hatchling 2 straw golems a floating eye a kitten 5 dwarves 6 hill orcs a giant bat 2 orc zombies an iguana an acid blob a gas spore 6 hobbits 5 manes a hobgoblin 7 giant rats 3 cave spiders a brown mold a green mold 23 gnomes a gnome zombie 2 geckos 7 jackals 4 goblins 3 sewer rats 3 grid bugs 3 lichens 3 newts 127 creatures vanquished. Voluntary challenges: You used a wielded weapon 210 times, starting on turn 53. You read items or engraved 32 times, starting on turn 127. You never genocided any monsters. You never polymorphed an object. You never changed form. You used no wishes. You never split a pudding. You never wrote Elbereth's name. You never violated your personal moral code. Dungeon overview: The Dungeons of Doom: levels 1 to 5 Level 1 a long staircase Level 2 some fountains Level 3 a potion shop Level 4 a fountain stairs to The Gnomish Mines Level 5 The Gnomish Mines: levels 5 to 8 Level 5 stairs to The Dungeons of Doom Level 6 Level 7 <- You were here Level 8 many shops, a temple to Athena, some fountains, some trees History has recorded: On T:1 you entered the Dungeons of Doom to retrieve the Amulet of Yendor! On T:370 you reached level 2 of The Dungeons of Doom. On T:536 you advanced to experience level 2. On T:692 you reached level 3 of The Dungeons of Doom. On T:746 you advanced to experience level 3. On T:1247 you advanced to experience level 4. On T:1309 you reached level 4 of The Dungeons of Doom. On T:1626 you reached level 1 of The Gnomish Mines. On T:1731 you reached level 5 of The Dungeons of Doom. On T:2132 you advanced to experience level 5. On T:2811 you reached level 2 of The Gnomish Mines. On T:2842 you advanced to experience level 6. On T:3233 you reached level 3 of The Gnomish Mines. On T:3387 you advanced to experience level 7. On T:4001 you reached level 4 of The Gnomish Mines. Score breakdown: Gold: 2923 (11790 points) Experience: 7 levels (13645 points) Exploration: 8 levels ( 17.02%) (11702 points) Discoveries: 52 items ( 18.18%) (12792 points) Valuables value: (no points given unless you survive) Artifact value: 0 ( 0 points) Variety of kills: 46 monsters ( 12.07%) (10424 points) Turncount: 4692 turns (-1260 points) Survival: died (score multiplied by 80%) Total score: 47274 Latest messages: You feel better. The winter wolf cub misses. You kill the winter wolf cub! That food really hit the spot! You finish eating the food ration. Your wax candle's flame burns brightly! You stop. Your housecat is in the way! Qwerty picks up a large box. You stop. Qwerty is in the way! The gray unicorn misses. The gray unicorn kicks! The gray unicorn butts! The gray unicorn misses. The gray unicorn butts! The gray unicorn misses. You hit the gray unicorn. The gray unicorn butts! The gray unicorn misses. (2x) The gray unicorn kicks! The housecat misses the gray unicorn. The gray unicorn butts! You die... Final status: Goodbye Petra the Priest, killed by a gray unicorn... You died in The Gnomish Mines on dungeon level 7 with 47274 points, and 2923 pieces of gold, after 4692 moves. You were level 7 with a maximum of 46 hit points when you died.